 Dungeon Sprint DCSS version 0.23-a0-321-g6bcb69f (webtiles) character file.

576 emperorscorpion the Slicer (level 7, -2/41 HPs)
             Began as a Vine Stalker Warper on Oct 15, 2018.
             Was an Initiate of Ru.
             Slain by a white ugly thing (11 damage)
             ... in the Dungeon (Sprint IX: "|||||||||||||||||||||||||||||").
             The game lasted 00:03:04 (243 turns).

emperorscorpion the Slicer (Vine Stalker Warper)     Turns: 243, Time: 00:03:04

Health: -2/41      AC:  5    Str: 14    XL:     7   Next: 35%
Magic:  0/11       EV: 16    Int: 17    God:    Ru [......]
Gold:   0          SH:  0    Dex: 17    Spells: 6/10 levels left

rFire    . . .     SeeInvis .   a - +2 rapier (drain)
rCold    . . .     Gourm    .   (no shield)
rNeg     . . .     Faith    .   r - +0 leather armour
rPois    .         Spirit   +   (no helmet)
rElec    .         Reflect  .   t - +0 cloak
rCorr    .         Harm     .   s - +0 pair of gloves
MR       .....     NoTele   +   (no boots)
Stlth    ++........             (no amulet)
HPRegen  0.53/turn              v - +3 ring of intelligence
MPRegen  0.12/turn              w - +3 ring of dexterity

@: no status effects
A: fangs 2, regeneration 1, magic shield, antimagic bite, no potion heal 3, rot
immunity
a: Renounce Religion


You were in the Dungeon.
You worshipped Ru.
Ru was noncommittal.
You were not hungry.

You visited 1 branch

Inventory:

Hand Weapons
 a - a +2 rapier of draining (weapon)
 b - a +2 scimitar of flaming
 p - the +2 halberd "Inubrel" {chop, SInv}
   (You found it in the Dungeon)

   It inflicts extra damage upon your enemies.
   It lets you see invisible.
 q - a +0 short sword
Missiles
 e - 5 tomahawks of dispersal (quivered)
Armour
 r - a +0 leather armour (worn)
 s - a +0 pair of gloves (worn)
 t - a +0 cloak (worn)
 u - a +0 plate armour
Magical Staves
 o - an uncursed staff of energy
Jewellery
 v - a +3 ring of intelligence (left hand)
 w - a +3 ring of dexterity (right hand)
Wands
 n - a wand of acid (3)
Scrolls
 d - 3 scrolls of blinking
 l - 3 scrolls of remove curse
 m - 2 scrolls of amnesia
Potions
 g - 4 potions of curing
 h - 3 potions of heal wounds
 i - a potion of haste
 j - 4 potions of magic
 k - a potion of invisibility
Comestibles
 c - a chunk of flesh
 f - a ration


   Skills:
 + Level 6.8 Fighting
 + Level 8.4 Short Blades
 + Level 2.5 Throwing
 + Level 4.0 Armour
 + Level 6.9 Dodging
 + Level 1.3 Stealth
 - Level 2.1 Spellcasting
 + Level 1.7 Charms
 - Level 3.0 Translocations
 + Level 1.2 Evocations


You had 6 spell levels left.
You knew the following spells:

 Your Spells              Type           Power        Failure   Level  Hunger
a - Shroud of Golubria    Chrm/Tloc      #.........   13%         2    ###....
b - Blink                 Tloc           N/A          11%         2    ###....

Your spell library contained the following spells:

 Spells                   Type           Power        Failure   Level  Hunger
 Gell's Gravitas          Tloc           ##........   21%         3    ###....
 Lesser Beckoning         Tloc           ##........   21%         3    ###....
 Teleport Other           Tloc           ##......     21%         3    ###....
 Passage of Golubria      Tloc           N/A          56%         4    #####..


Dungeon Overview and Level Annotations

Branches:
Dungeon (1/1)

Altars:
Cheibriados
Dithmenos
Elyvilon
Fedhas
Gozag
Hepliaklqana
Kikubaaqudgha
Makhleb
Nemelex Xobeh
Okawaru
Qazlal
Ru
Sif Muna
Trog
Uskayaw
Vehumet
Wu Jian
Xom
Yredelemnul
Zin
The Shining One
Beogh
Jiyva
Lugonu


Innate Abilities, Weirdness & Mutations

You have extremely sharp teeth.
Your natural rate of healing is unusually fast.
When hurt, damage is shared between your health and your magic reserves.
Your bite disrupts and absorbs the magic of your enemies.
Potions cannot restore your health.
You are immune to rotting.


Message History

Your Armour skill increases to level 4!
Your Evocations skill increases to level 1!
The white ugly thing gores you. The white ugly thing freezes you!!
* * * LOW HITPOINT WARNING * * *
Unknown command.
Unknown command.
Unknown command.
Unknown command.
Evoke which item? (* to show all) (? for menu, Esc to quit)
Aiming: Corrosive Bolt
Press: ? - help, Shift-Dir - straight line, f/p - white ugly thing
Aim: a white ugly thing (heavily wounded, covered in acid)
The bolt of acid hits the white ugly thing.
The white ugly thing is splashed with acid.
The acid corrodes the white ugly thing!
The white ugly thing is severely wounded.
The white ugly thing gores you.
* * * LOW HITPOINT WARNING * * *
The white ugly thing freezes you!
You die...

▓.▓
▓'▓
▓†▓
▓.▓
▓.▓
▓.▓
▓.▓
▓.▓
▓@▓
▓u▓
▓.▓
▓)▓
▓.▓
▓y▓
▓.▓
▓+▓


You could see a white ugly thing and a hornet.

Vanquished Creatures
  A vampire (D)
  An orc warrior (D)
  An ice beast (D)
  A gnoll sergeant (D)
  A howler monkey (D)
  A crimson imp (D)
  An iguana (D)
  A worker ant (D)
  An orc wizard (D)
  A shadow imp (D)
  2 adder skeletons (D)
  A dart slug (D)
  A leopard gecko (D)
  An orc (D)
  A bat (D)
  A goblin (D)
  A frilled lizard (D)
18 creatures vanquished.

Notes
Turn   | Place    | Note
-------+----------+-------------------------------------------
     0 | D        | emperorscorpion the Vine Stalker Warper began the quest for
                  | the Orb.
     0 | D        | Reached XP level 1. HP: 11/11 MP: 4/4
     5 | D        | Reached skill level 2 in Short Blades
    12 | D        | Reached skill level 1 in Throwing
    12 | D        | Reached skill level 1 in Armour
    17 | D        | Reached XP level 2. HP: 13/16 MP: 4/6
    25 | D        | Learned a level 2 spell: Blink
    28 | D        | Learned a level 2 spell: Shroud of Golubria
    31 | D        | Noticed an ice beast
    38 | D        | Reached skill level 3 in Short Blades
    38 | D        | Reached XP level 3. HP: 17/20 MP: 7/7
    44 | D        | Reached skill level 4 in Short Blades
    44 | D        | Gained mutation: Your natural rate of healing is unusually
                  | fast. [Vine Stalker growth]
    44 | D        | Reached XP level 4. HP: 21/25 MP: 8/8
    54 | D        | Killed an ice beast
    54 | D        | Reached skill level 5 in Short Blades
    54 | D        | Reached skill level 5 in Dodging
    54 | D        | Reached XP level 5. HP: 12/30 MP: 2/9
    62 | D        | Found a roughly hewn altar of Beogh.
    62 | D        | Found a snail-covered altar of Cheibriados.
    62 | D        | Found a shadowy altar of Dithmenos.
    62 | D        | Found a white marble altar of Elyvilon.
    62 | D        | Found a blossoming altar of Fedhas.
    62 | D        | Found an opulent altar of Gozag.
    63 | D        | Found a hazy altar of Hepliaklqana.
    64 | D        | Found a viscous altar of Jiyva.
    65 | D        | Found an ancient bone altar of Kikubaaqudgha.
    66 | D        | Found a corrupted altar of Lugonu.
    67 | D        | Found a burning altar of Makhleb.
    68 | D        | Found a sparkling altar of Nemelex Xobeh.
    69 | D        | Found an iron altar of Okawaru.
    70 | D        | Found a stormy altar of Qazlal.
    71 | D        | Found a sacrificial altar of Ru.
    72 | D        | Found a deep blue altar of Sif Muna.
    73 | D        | Found a bloodstained altar of Trog.
    74 | D        | Found a hide-covered altar of Uskayaw.
    75 | D        | Found a radiant altar of Vehumet.
    76 | D        | Found an ornate altar of the Wu Jian Council.
    77 | D        | Found a shimmering altar of Xom.
    78 | D        | Found a basalt altar of Yredelemnul.
    79 | D        | Became a worshipper of Ru the Awakened
    80 | D        | Found a glowing silver altar of Zin.
    81 | D        | Found a glowing golden altar of the Shining One.
    99 | D        | Got the +2 halberd "Inubrel" {chop, SInv}
   123 | D        | Noticed a vampire
   128 | D        | Reached skill level 5 in Fighting
   128 | D        | Reached skill level 1 in Charms
   137 | D        | Reached skill level 6 in Short Blades
   138 | D        | Reached XP level 6. HP: 6/35 MP: 2/10
   139 | D        | HP: 1/35 [vampire/vampiric draining (6)]
   140 | D        | Killed a vampire
   140 | D        | Reached skill level 7 in Short Blades
   140 | D        | Reached skill level 1 in Stealth
   191 | D        | Reached skill level 8 in Short Blades
   191 | D        | Reached XP level 7. HP: 25/41 MP: 7/11
   234 | D        | Noticed a white ugly thing
   234 | D        | Noticed a shadow
   234 | D        | Noticed a hornet
   242 | D        | Reached skill level 1 in Evocations
   243 | D        | Slain by a white ugly thing

Vault maps used:
D:        linesprint

Skill      XL: |  1  2  3  4  5  6  7 |
---------------+----------------------+-----
Fighting       | 2 3 4 5 6 |  6.8
Short Blades   | 2 3 4 5 6 8 |  8.4
Throwing       | 1 2 |  2.5
Armour         | 1 2 3 4 |  4.0
Dodging        | 2 3 5 6 |  6.9
Charms         | 1 |  1.7
Stealth        | 1 |  1.3
Evocations     | 1 |  1.2
Spellcasting   | |  2.1
Translocations | |  3.0

Action                   |  1- 3 |  4- 6 |  7- 9 || total
-------------------------+-------+-------+-------++-------
Melee: Short sword       |    26 |     9 |       ||    35
       Bite              |     4 |     7 |       ||    11
       Rapier            |       |    16 |     4 ||    20
 Cast: Shroud of Golubri |     1 |     1 |       ||     2
       Blink             |       |     1 |     2 ||     3
Evoke: Wand              |       |     3 |     4 ||     7
  Use: Potion            |     1 |     1 |       ||     2
Armor: Leather armour    |       |     3 |       ||     3
Dodge: Dodged            |    15 |    15 |     2 ||    32

Table legend:
 A = Non-vault XP
 B = Vault XP
 C = Vault XP percentage of total XP
 D = Non-vault monster count
 E = Vault monster count
 F = Vault count percentage of total count
                 A         B        C        D         E       F
            +---------+---------+-------+---------+---------+-------
      Total |       0 |     823 | 100.0 |       0 |      18 | 100.0
            +---------+---------+-------+---------+---------+-------
          D |       0 |     823 | 100.0 |       0 |      18 | 100.0
            +---------+---------+-------+---------+---------+-------
